 Dungeon Crawl Stone Soup version 0.20.1-1-g8b1a95d (webtiles) character file.

95 peteyfrogboy the Covered (level 4, -5/42 HPs)
             Began as a Deep Dwarf Fighter on Oct 29, 2017.
             Killed by divine providence
             ... invoked by an orc priest
              (9 damage)
             ... on level 3 of the Dungeon.
             The game lasted 00:04:05 (1685 turns).

peteyfrogboy the Covered (Deep Dwarf Fighter)       Turns: 1685, Time: 00:04:06

Health: -5/42      AC: 14    Str: 21    XL:     4   Next: 40%
Magic:  4/4        EV:  5    Int:  8    God:
Gold:   61         SH:  9    Dex: 12    Spells: 3/3 levels left

rFire    . . .     SeeInvis .   a - +0 war axe
rCold    . . .     Gourm    .   c - +0 shield
rNeg     . . .     Faith    .   t - +0 chain mail
rPois    .         Spirit   .   (no helmet)
rElec    .         Reflect  .   (no cloak)
rCorr    .         Harm     .   r - +1 pair of gloves
MR       .....                  k - +2 pair of boots
Stlth    ..........             (no amulet)
Regen    0.0/turn               i - ring of stealth
MPRegen  0.1/turn               (no ring)

@: non-regenerating
A: damage resistance, heal wounds, sense surroundings 1, no regeneration
a: Heal Wounds


You were on level 3 of the Dungeon.
You were not hungry.

You visited 1 branch of the dungeon, and saw 3 of its levels.

You collected 61 gold pieces.

Inventory:

Hand Weapons
 a - a +0 war axe (weapon)
Armour
 c - a +0 shield (worn)
 k - a +2 pair of boots (worn)
 r - a +1 pair of gloves (worn)
 t - a +0 chain mail (worn)
Jewellery
 i - a ring of stealth (left hand)
Potions
 d - a potion of might
 o - a potion of brilliance
 s - a potion of resistance
Comestibles
 b - 8 chunks of flesh
 f - 4 bread rations
 g - 2 meat rations


   Skills:
 + Level 3.2 Fighting
 * Level 3.5 Axes
 + Level 4.0 Armour
 + Level 3.8 Shields


You had 3 spell levels left.
You didn't know any spells.

Dungeon Overview and Level Annotations

Branches:
Dungeon (3/15)

Altars:
Gozag
Uskayaw
The Shining One


Innate Abilities, Weirdness & Mutations

You are resistant to damage.
You can heal yourself by infusing magical energy.
You passively map a small area around you.
You do not regenerate.


Message History

Found a glowing golden altar of the Shining One.
You see here a stone.
Found an escape hatch in the floor.
You barely miss the kobold.
The kobold hits you but does no damage. x2
You slash the kobold!
You kill the kobold!
An orc priest comes into view. It is wielding a dagger.
The orc priest shouts!
An adder and an orc priest come into view.
Things that are here:
9 gold pieces; a kobold corpse A kobold, an orc priest and an orc wizard come into view.
The kobold shouts!
The orc wizard shouts!
The orc priest shouts! x2
The adder hisses angrily.
You hear a shout!
The orc priest calls down the wrath of Beogh upon you.
Beogh smites you!
* * * LOW HITPOINT WARNING * * *
The orc priest invokes the aid of Beogh against you.
Beogh smites you!
You die...

*
,#.......###.#####.#
, , ...⌠..P......# *
, ......P≈P.#.### ,
, #.....P≈..#.#* **
#...#.....#(# , ,
..##'......#
_##...#.# ,
*#...##$# * #..##
#@# ,* , ..
*#..K..... #,
..ooo.... * ,
*###....o.# *
#.###.# , * *,* **
S# * # .. , * , ..#


You could see 3 orc priests, an orc wizard, an adder and a kobold.

Vanquished Creatures
  An iguana (D:3)
  An adder (D:2)
  2 worms
  A dart slug (D:2)
  5 leopard geckos
  2 orcs (D:3)
  A giant cockroach (D:1)
  8 goblins
  6 hobgoblins
  2 jackals (D:3)
  2 kobolds (D:3)
  A quokka (D:2)
  4 bats
  2 frilled lizards (D:1)
  6 rats
44 creatures vanquished.

Notes
Turn   | Place    | Note
-------+----------+-------------------------------------------
     0 | D:1      | peteyfrogboy the Deep Dwarf Fighter began the quest for the Orb.
     0 | D:1      | Reached XP level 1. HP: 20/20 MP: 1/1
   137 | D:1      | Reached XP level 2. HP: 25/27 MP: 2/2
   818 | D:2      | Found an opulent altar of Gozag.
   851 | D:2      | Noticed a hand axe
   852 | D:2      | Noticed a dagger
   855 | D:2      | Found a hide-covered altar of Uskayaw.
   903 | D:2      | Reached XP level 3. HP: 33/33 MP: 3/3
  1632 | D:3      | Reached skill level 4 in Armour
  1632 | D:3      | Reached XP level 4. HP: 17/42 MP: 4/4
  1679 | D:3      | Found a glowing golden altar of the Shining One.
  1685 | D:3      | Killed from afar by an orc priest

Skill      XL: |  1  2  3 |
---------------+----------+-----
Fighting       | 3 |  3.2
Axes           | 3 |  3.5
Armour         | 4 |  4.0
Shields        | |  3.8

Action                   |  1- 3 |  4- 6 || total
-------------------------+-------+-------++-------
Melee: War axe           |   158 |    13 ||   171
  Use: Potion            |     3 |       ||     3
       Scroll            |    10 |       ||    10
  Eat: Chunk             |     3 |       ||     3
Armor: Scale mail        |    38 |       ||    38
       Chain mail        |    24 |    12 ||    36
Dodge: Dodged            |    31 |     4 ||    35
Block: Shield            |    81 |     5 ||    86
